 Dungeon Crawl Stone Soup version 0.28-a0-984-g3775c662fe (webtiles) character file.

Game seed: 17583271760604987462

41 browni3141 the Changer (level 3, 0/23 HPs)
             Began as an Octopode Transmuter on Dec 3, 2021.
             Slain by Natasha (6 damage)
             ... on level 3 of the Dungeon on Dec 4, 2021.
             The game lasted 00:05:44 (1657 turns).

browni3141 the Changer (Octopode Transmuter)        Turns: 1657, Time: 00:05:45

Health: 0/23       AC:  1    Str:  9    XL:     3   Next: 52%
Magic:  3/6        EV: 13    Int: 17    God:
Gold:   54         SH:  0    Dex: 12    Spells: 0/6 levels left

rFire   . . .      SeeInvis .     - Unarmed
rCold   . . .      Faith    .   (no shield)
rNeg    . . .      Spirit   .   (helmet currently unavailable)
rPois   .          Reflect  .   (no amulet)
rElec   .          Harm     .   (no ring)
rCorr   .          Rampage  .   (no ring)
Will    .....                   (no ring)
Stlth   +++.......              (no ring)
HPRegen 0.07/turn               (no ring)
MPRegen 0.10/turn               (no ring)
                                (no ring)
                                (no ring)

@: appendages, wereblooded
A: tentacle spike 3, almost no armour, amphibious, 8 rings, camouflage 1,
gelatinous body 1, (nimble swimmer 1), tentacles
a: End Transformation


You were on level 3 of the Dungeon.
One of your tentacles had grown a beastly spike.
You visited 1 branch of the dungeon, and saw 3 of its levels.

You collected 54 gold pieces.

Inventory:

Hand Weapons
 c - a +1 dagger of venom
Missiles
 a - 53 stones (quivered)
 d - 3 atropa-tipped darts
Scrolls
 b - 2 scrolls of identify {unknown}
 f - a scroll of teleportation {unknown}
 g - a scroll of enchant armour {unknown}
 h - 2 scrolls of fear {unknown}
Potions
 e - a potion of mutation {unknown}
 i - a potion of degeneration {unknown}
 j - 2 potions of lignification {unknown}
 k - a potion of might {unknown}
 l - a potion of curing {unknown}


   Skills:
 - Level 1.0 Fighting
 - Level 2.0 Dodging
 + Level 2.1 Stealth
 - Level 3.0 Unarmed Combat
 + Level 2.1 Spellcasting
 * Level 3.2 Transmutations
 * Level 0.0 Poison Magic


You couldn't memorise any spells.
You knew the following spells:

 Your Spells              Type           Power      Damage    Failure   Level
a - Beastly Appendage     Tmut           24%        N/A       4%          1
b - Wereblood             Tmut           12%        N/A       8%          2
c - Spider Form           Tmut/Pois      7%         N/A       28%         3

Your spell library contained the following spells:

 Spells                   Type           Power      Damage    Failure   Level
 Ignite Poison            Fire/Tmut/Pois 5%         N/A       36%         3
 Call Canine Familiar     Summ           1%         N/A       50%         3
 Mephitic Cloud           Conj/Pois/Air  1%         N/A       50%         3
 Portal Projectile        Hex/Tloc       2%         N/A       50%         3
 Ice Form                 Ice/Tmut       7%         N/A       67%         4
 Leda's Liquefaction      Hex/Erth       0%         N/A       88%         4
 Freezing Cloud           Conj/Ice/Air   0%         6-21      99%         5


Dungeon Overview and Level Annotations

Branches:
Dungeon (3/15)

Altars:

Annotations:
D:3 Natasha


Innate Abilities, Weirdness & Mutations

One of your tentacles has grown a beastly spike.
You cannot wear most types of armour.
You are amphibious.
You can wear up to eight rings at the same time.
Your skin changes colour to match your surroundings (Stealth+).
Your rubbery body absorbs attacks. (AC +1, EV +1)
((You are camouflaged near water. (Stealth+)))
You have tentacles for arms and can constrict up to eight enemies at once.


Message History

You climb downwards.
Found a stone staircase leading down.
There is a stone staircase leading up here.
An endoplasm and an orc priest come into view.
There is a stone staircase leading up here.
You climb upwards.
There is a stone staircase leading down here.
There is an open door here.
There is an open door here.
There is a stone staircase leading down here.
You climb downwards.
Natasha hisses angrily.
There is a stone staircase leading up here.
Casting: Beastly Appendage (safe; 4% risk of failure)
Confirm with . or Enter, or press ? or * to list all spells.
Your blood is infused with primal strength.
Natasha barely misses you.
Casting: Wereblood (safe; 8% risk of failure)
Confirm with . or Enter, or press ? or * to list all spells.
One of your tentacles grows a vicious spike.
Natasha mumbles some strange words.
You tentacle-slap Natasha but do no damage.
Your grab misses Natasha.
Your tentacle spike misses Natasha.
Natasha claws you!
You barely miss Natasha. You grab Natasha.
You constrict Natasha, but do no damage.
Natasha misses you.
You tentacle-slap Natasha.
Natasha is lightly wounded.
You constrict Natasha, but do no damage.
The shadow imp hits you.
Natasha stares at you and mumbles some strange words.
The magic dart hits you.
You tentacle-slap Natasha but do no damage.
Natasha is lightly wounded.
You constrict Natasha, but do no damage.
The shadow imp hits you.
* * * LOW HITPOINT WARNING * * *
Natasha claws you.
You die...

........
.......
......
#######....
.......... #
.........#.#
......h....#
......5@..#
#.#######.#
#


You could see Natasha and a shadow imp (summoned).

Vanquished Creatures
  A dart slug (D:1)
  5 orcs (D:2)
  2 ball pythons (D:1)
  3 bats (D:1)
  An endoplasm (D:2)
  3 goblins
  2 hobgoblins
  2 quokkas (D:1)
  3 frilled lizards (D:1)
  6 kobolds
  6 rats
34 creatures vanquished.

Vanquished Creatures (others)
  5 plants (D:1)
5 creatures vanquished.

Grand Total: 39 creatures vanquished

Notes
Turn   | Place    | Note
-------+----------+-------------------------------------------
     0 | D:1      | browni3141 the Octopode Transmuter began the quest for the
                  | Orb.
     0 | D:1      | Reached XP level 1. HP: 13/13 MP: 3/3
    51 | D:1      | Reached skill level 1 in Stealth
   118 | D:1      | Reached XP level 2. HP: 17/18 MP: 5/5
   469 | D:1      | Learned a level 2 spell: Wereblood
   768 | D:2      | Reached XP level 3. HP: 17/23 MP: 6/6
  1605 | D:2      | Learned a level 3 spell: Spider Form
  1651 | D:3      | Noticed Natasha
  1657 | D:3      | Slain by Natasha

Illustrated notes

Levels and vault maps discovered:
D:1:      eino_arrival_water_cross, layout_rooms
D:2:      layout_basic, minmay_fountain_box
D:3:      layout_rooms, mainiacjoe_overflow_divided_tiny, amcnicky_altar_gilded,
          skrybe_limestone_x, uniq_robin, uniq_natasha

Skill      XL: |  1  2  3 |
---------------+----------+-----
Stealth        | 1 2 |  2.1
Transmutations | 3 |  3.2
Fighting       | |  1.0
Dodging        | |  2.0
Unarmed Combat | |  3.0
Spellcasting   | |  2.1

Action                   || total
-------------------------++-------
Melee: Unarmed           ||    75
       Constrict         ||    21
       Kick              ||    10
       Tentacles         ||    12
       Punch             ||     2
Throw: Dart              ||     3
       Stone             ||     3
 Cast: Beastly Appendage ||     8
       Wereblood         ||     1
 Stab: Sleeping          ||     2
Armor: Skin              ||     8
Dodge: Dodged            ||    54

Table legend: (Time is in decaauts)
 A = Elapsed time spent in this place.
 B = Non-inter-level travel time spent in this place.
 C = Inter-level travel time spent in this place.
 D = Time resting spent in this place.
 E = Time spent auto-exploring this place.
 F = Levels seen in this place.
 G = Mean time per level.
                   A        B        C        D        E       F      G
               +--------+--------+--------+--------+--------+-----+--------+
         Total |   1653 |   1604 |     49 |    151 |   1119 |   3 |  551.0 |
       Dungeon |   1653 |   1604 |     49 |    151 |   1119 |   3 |  551.0 |
               +--------+--------+--------+--------+--------+-----+--------+

Top non-repeatable levels by time:
     D:2: 891 daAuts
     D:1: 744 daAuts
     D:3: 18 daAuts
